 Dungeon Crawl Stone Soup version 0.22-a0-580-gd5db89c09a (webtiles) character file.

1057 Kholdaimon the Carver (level 8, 0/58 HPs)
             Began as a Merfolk Gladiator on July 3, 2018.
             Slain by an orc
             ... wielding a +0 war axe
              (3 damage)
             ... on level 7 of the Dungeon.
             The game lasted 00:27:41 (6785 turns).

Kholdaimon the Carver (Merfolk Gladiator)           Turns: 6785, Time: 00:27:42

Health: 0/58       AC:  7    Str: 15    XL:     8   Next: 27%
Magic:  8/8        EV: 14    Int:  9    God:
Gold:   193        SH:  3    Dex: 15    Spells: 7/7 levels left

rFire    . . .     SeeInvis .   a - +0 long sword
rCold    . . .     Gourm    .   l - +0 buckler
rNeg     . . .     Faith    .   p - +0 ring mail
rPois    .         Spirit   .   c - +0 helmet
rElec    .         Reflect  .   x - +0 cloak
rCorr    .         Harm     .   (no gloves)
MR       +....                  (no boots)
Stlth    +.........             (no amulet)
HPRegen  0.19/turn              e - ring of protection from magic
MPRegen  0.11/turn              (no ring)

@: no status effects
A: change form in water, swift swim, stealthy swim
a: no special abilities


You were on level 7 of the Dungeon.
You were not hungry.

You visited 1 branch of the dungeon, and saw 6 of its levels.
You also visited: Sewer.

You collected 193 gold pieces.

Inventory:

Hand Weapons
 a - a +0 long sword (weapon)
 u - a +0 blowgun
 y - a +0 mace of protection
Missiles
 d - 3 throwing nets
 k - 112 stones (quivered)
 t - 61 poisoned needles
Armour
 b - a +0 leather armour
 c - a +0 helmet (worn)
 l - a +0 buckler (worn)
 p - a +0 ring mail (worn)
 x - a +0 cloak (worn)
Jewellery
 e - a ring of protection from magic (left hand)
Wands
 q - a wand of flame (35)
Scrolls
 h - a scroll of remove curse
 i - 5 scrolls of teleportation
 j - a scroll of amnesia
 r - a scroll of blinking {unknown}
 s - a scroll of fog
 v - a scroll of noise {unknown}
 z - a scroll of fear {unknown}
 A - a scroll of random uselessness {unknown}
Potions
 m - 6 potions of curing
 n - 4 potions of heal wounds
 o - 4 potions of might {unknown}
 w - 5 potions of flight {unknown}
Comestibles
 f - 5 rations
 g - 3 chunks of flesh


   Skills:
 - Level 3.0 Fighting
 * Level 9.0 Long Blades
 - Level 2.0 Throwing
 + Level 7.9 Dodging


You had 7 spell levels left.
You didn't know any spells.
Your spell library contained the following spells:

 Spells                   Type           Power        Failure   Level  Hunger
 Confuse                  Hex            #.......     99%         3    ####...
 Stone Arrow              Conj/Erth      #.....       99%         3    ####...
 Confusing Touch          Hex            #.....       80%         1    ##.....
 Passwall                 Tmut/Erth      #.......     90%         2    ###....
 Metabolic Englaciation   Hex/Ice        #.........   100%        5    ######.
 Lee's Rapid Deconstruct  Erth           #.........   100%        5    ######.
 Sandblast                Erth           #.....       80%         1    ##.....
 Petrify                  Tmut/Erth      #.......     100%        4    #####..
 Gell's Gravitas          Tloc           #.........   99%         3    ####...
 Yara's Violent Unravell  Hex/Tmut       #.........   100%        5    ######.


Dungeon Overview and Level Annotations

Branches:
Dungeon (5/15)
 Temple: D:4-7

Altars:
Fedhas
Ru
Uskayaw


Message History

The orc warrior is severely wounded.
The orc closely misses you.
The orc warrior hits you with a morningstar.
You hit the orc warrior.
The orc warrior is almost dead.
The orc priest calls upon Beogh to heal the orc warrior.
The orc warrior is healed somewhat.
You block the orc's attack.
You hit the orc warrior but do no damage.
The orc warrior is severely wounded.
The orc warrior hits you with a morningstar!
* * * LOW HITPOINT WARNING * * *
You barely miss the orc warrior.
The orc warrior is severely wounded.
The orc misses you.
The orc warrior hits you with a morningstar!
* * * LOW HITPOINT WARNING * * *
You slash the orc warrior!
The orc warrior is almost dead.
The orc hits you with a war axe.
You die...

########## #########
.o..oo(.o# #........
########o###.###########
#..@o.##...#........
#.....####.#.###
#......#...#...#####
+...................
#....#.#.#####.#.###
#....#...# #.#.#
#....##..# #.#.#
#....##..#####.#.# #....
##.......#.#


You could see an orc warrior, an orc priest and an orc.

Vanquished Creatures
  Sigmund (D:4)
  A centaur (D:5)
  3 big kobolds (Sewer)
  A scorpion (D:4)
  Crazy Yiuf (D:3)
  3 hounds
  A jelly (D:7)
  An orc wizard (D:5)
  2 worker ants
  A hound skeleton (D:3)
  8 gnolls
  4 river rats (Sewer)
  7 adders
  An ooze (Sewer)
  3 worms
  4 dart slugs
  6 leopard geckos
  9 orcs
  8 bats
  7 giant cockroaches
  9 hobgoblins
  4 jackals (D:2)
  6 ball pythons
  6 frilled lizards
  5 goblins
  20 kobolds
  27 rats
149 creatures vanquished.

Notes
Turn   | Place    | Note
-------+----------+-------------------------------------------
     0 | D:1      | Kholdaimon the Merfolk Gladiator began the quest for the Orb.
     0 | D:1      | Reached XP level 1. HP: 16/16 MP: 1/1
   100 | D:1      | Reached XP level 2. HP: 23/23 MP: 2/2
   363 | D:2      | Found a blossoming altar of Fedhas.
   368 | D:2      | Reached XP level 3. HP: 6/28 MP: 3/3
   607 | D:2      | Reached skill level 4 in Long Blades
   607 | D:2      | HP: 1/28 [worm (10)]
  1890 | D:2      | Reached XP level 4. HP: 31/34 MP: 4/4
  2008 | D:2      | Reached skill level 5 in Dodging
  2311 | D:2      | Reached skill level 5 in Long Blades
  2311 | D:2      | Reached XP level 5. HP: 20/41 MP: 5/5
  2856 | D:3      | Found a faded altar of an unknown god.
  3003 | D:3      | Found a glowing drain.
  3019 | Sewer    | Entered a sewer
  3216 | Sewer    | Noticed a big kobold
  3293 | Sewer    | Noticed a big kobold
  3302 | Sewer    | Killed a big kobold
  3302 | Sewer    | Reached skill level 6 in Long Blades
  3302 | Sewer    | Reached XP level 6. HP: 15/47 MP: 6/6
  3872 | Sewer    | Reached XP level 7. HP: 37/52 MP: 7/7
  3896 | Sewer    | Reached skill level 7 in Long Blades
  4496 | D:3      | Found a runed door.
  4813 | D:3      | Noticed Crazy Yiuf
  4827 | D:3      | Killed Crazy Yiuf
  5633 | D:4      | Noticed Sigmund
  5650 | D:4      | Killed Sigmund
  5650 | D:4      | Reached skill level 8 in Long Blades
  6328 | D:5      | Entered Level 5 of the Dungeon
  6391 | D:5      | Found a sacrificial altar of Ru.
  6408 | D:5      | Found a hide-covered altar of Uskayaw.
  6428 | D:5      | Reached XP level 8. HP: 47/58 MP: 8/8
  6529 | D:5      | Found a sacrificial altar of Ru.
  6693 | D:5      | You fall through a shaft for 2 floors!
  6764 | D:7      | Reached skill level 9 in Long Blades
  6785 | D:7      | Slain by an orc

Vault maps used:
D:1:      grunt_arrival_crossed_arrows, minmay_misc_feat_iff
D:2:      lemuel_crystal_altar, first_ration
D:3:      portal_sewer_entry_b, chequers_ecumenical_altar_island,
          uniq_crazy_yiuf_cottage
D:4:      interstate_on_off, moated_statue, uniq_sigmund
D:5:      eat_drink_and_be_merry_uskayaw, old_standard_altar,
          nicolae_ru_great_annihilating_truth
D:7:      grunt_temple_overflow_open, uniq_pikel, uniq_prince_ribbit1
Sewer:    sewer_minmay_treatment

Skill      XL: |  1  2  3  4  5  6  7  8 |
---------------+-------------------------+-----
Long Blades    | 4 5 6 8 9 |  9.0
Fighting       | 3 |  3.0
Dodging        | 5 6 7 |  7.9
Throwing       | |  2.0

Action                   |  1- 3 |  4- 6 |  7- 9 || total
-------------------------+-------+-------+-------++-------
Melee: Long sword        |   111 |   230 |   165 ||   506
       Tailslap          |       |     1 |     1 ||     2
 Fire: Blowgun           |       |     5 |    19 ||    24
Throw: Stone             |     1 |    12 |       ||    13
       Throwing net      |       |     1 |       ||     1
  Use: Scroll            |       |     7 |       ||     7
       Potion            |       |     2 |       ||     2
 Stab: Sleeping          |       |     1 |       ||     1
       Invisible         |       |       |     1 ||     1
       Paralysed         |       |       |     1 ||     1
  Eat: Chunk             |     2 |     8 |     6 ||    16
       Ration            |       |       |     1 ||     1
Armor: Leather armour    |    31 |    43 |     8 ||    82
       Ring mail         |       |       |    15 ||    15
Dodge: Dodged            |   100 |   178 |   109 ||   387
Block: Buckler           |     5 |    36 |    26 ||    67
       Rpst.: Long sword |    32 |    60 |    28 ||   120

Table legend:
 A = Spawn XP
 B = Non-spawn XP
 C = Spawn XP percentage of total XP
 D = Spawn monster count
 E = Non-spawn monster count
 F = Spawn count percentage of total count
 G = Total turns spent on level
                    A         B        C        D         E        F      G
               +---------+---------+-------+---------+---------+-------+---------
         Total |       0 |    1511 |   0.0 |       0 |     149 |   0.0 |  6785
               +---------+---------+-------+---------+---------+-------+---------
           D:1 |       0 |      30 |   0.0 |       0 |      19 |   0.0 |  1000
           D:2 |       0 |     137 |   0.0 |       0 |      27 |   0.0 |  1559
           D:3 |       0 |     128 |   0.0 |       0 |      28 |   0.0 |  1314
           D:4 |       0 |     450 |   0.0 |       0 |      14 |   0.0 |  1191
           D:5 |       0 |     249 |   0.0 |       0 |       8 |   0.0 |   348
           D:7 |       0 |      91 |   0.0 |       0 |       5 |   0.0 |    92
         Sewer |       0 |     426 |   0.0 |       0 |      48 |   0.0 |  1281
               +---------+---------+-------+---------+---------+-------+---------
